 Dungeon Crawl Stone Soup version 0.27.1-3-gb3d3a73c9e (webtiles) character file.

Game seed: 5807357176565427305

111 Crownlay the Shield-Bearer (level 4, -6/39 HPs)
             Began as a Minotaur Fighter on Oct 21, 2021.
             Succumbed to a gnoll's poison
             ... on level 2 of the Dungeon.
             The game lasted 00:01:27 (1256 turns).

Crownlay the Shield-Bearer (Minotaur Fighter)       Turns: 1256, Time: 00:01:27

Health: -6/39      AC:  6    Str: 20    XL:     4   Next: 62%
Magic:  3/3        EV:  9    Int:  5    God:
Gold:   53         SH:  5    Dex: 11    Spells: 3/3 levels left

rFire    . . .     SeeInvis .   a - +0 long sword
rCold    . . .     Faith    .   f - +0 buckler
rNeg     . . .     Spirit   .   b - +0 scale mail
rPois    .         Reflect  .   (helmet restricted)
rElec    .         Harm     .   (no cloak)
rCorr    .         Rampage  .   (no gloves)
Will     .....                  (no boots)
Stlth    ..........             (no amulet)
HPRegen  0.13/turn              (no ring)
MPRegen  0.08/turn              (no ring)

@: mighty, lethally poisoned (-6 -> -38)
A: horns 2, retaliatory headbutt
a: no special abilities


You were on level 2 of the Dungeon.
You visited 1 branch of the dungeon, and saw 2 of its levels.

You collected 53 gold pieces.

Inventory:

Hand Weapons
 a - a +0 long sword (weapon)
Armour
 b - a +0 scale mail (worn)
 c - a +0 kite shield
 f - a +0 buckler (worn)
Jewellery
 h - a ring of poison resistance
Scrolls
 e - a scroll of vulnerability {unknown}
 g - a scroll of fear {unknown}


   Skills:
 - Level 3.6 Fighting
 - Level 2.4 Long Blades
 - Level 3.6 Armour
 * Level 6.6 Shields


You had 3 spell levels left.
You didn't know any spells.
Your spell library was empty.

Dungeon Overview and Level Annotations

Branches:
Dungeon (2/15)

Altars:


Innate Abilities, Weirdness & Mutations

You have a pair of horns on your head.
You reflexively headbutt those who attack you in melee.


Message History

You completely miss the gnoll. You headbutt the gnoll.
The gnoll is moderately wounded.
You block the gnoll's attack. The hobgoblin barely misses you.
The gnoll barely misses you. You furiously retaliate!
You headbutt the gnoll!
You kill the gnoll!
The gnoll completely misses you. You furiously retaliate!
You headbutt the gnoll, but do no damage.
A gnoll comes into view. It is wielding a +1 halberd of venom.
You block the hobgoblin's attack.
You barely miss the gnoll. Your headbutt misses the gnoll.
The gnoll hits you but does no damage. The hobgoblin barely misses you.
A frilled lizard comes into view.
You closely miss the gnoll. The gnoll hits you with a +0 whip.
The hobgoblin barely misses you.
You slash the gnoll! You headbutt the gnoll.
You kill the gnoll!
The hobgoblin hits you but does no damage.
You slash the hobgoblin!
You kill the hobgoblin!
The gnoll hits you from afar with a +1 halberd of venom!
You are lethally poisoned!
The gnoll barely misses you.
You feel very sick. The gnoll closely misses you.
Things that are here:
a +0 whip; a +2 whip of holy wrath; a gnoll corpse You are too injured to fight recklessly!
You are too injured to fight recklessly!
You are too injured to fight recklessly!
You are too injured to fight recklessly!
You are too injured to fight recklessly!
You are too injured to fight recklessly!
You slash the gnoll!
The gnoll is heavily wounded.
You feel very sick.
The gnoll hits you with a +1 halberd of venom!
* * * LOW HITPOINT WARNING * * *
You are more poisoned.
You feel very mighty all of a sudden.
You die...

.###........<....#
####.........#...#
###.##.......#...#
.##..........#...#
.<..##.......#...#
+.####.......#...#
..#....#######...#
..#.##.# #.).##
..#.##.# ###@!#
.).....# ##g#
.#.#...# l#
.#.....# .#
.##....# ..
.##....# ..
.##....# .>.
.#♣.♣..# ... .
#....# #####


You could see a gnoll and a frilled lizard.

Vanquished Creatures
  Terence (D:2)
  3 gnolls (D:2)
  An adder (D:2)
  A dart slug (D:1)
  3 bats (D:1)
  6 endoplasms
  2 giant cockroaches (D:1)
  5 goblins
  3 hobgoblins
  8 jackals
  A kobold (D:2)
  A quokka (D:1)
  5 ball pythons
  A frilled lizard (D:1)
  2 rats (D:2)
43 creatures vanquished.

Vanquished Creatures (others)
  9 plants (D:2)
9 creatures vanquished.

Grand Total: 52 creatures vanquished

Notes
Turn   | Place    | Note
-------+----------+-------------------------------------------
     0 | D:1      | Crownlay the Minotaur Fighter began the quest for the Orb.
     0 | D:1      | Reached XP level 1. HP: 19/19 MP: 0/0
   134 | D:1      | Reached skill level 4 in Shields
   288 | D:1      | Reached XP level 2. HP: 26/26 MP: 1/1
   571 | D:1      | Found a faded altar of an unknown god.
   579 | D:1      | Reached skill level 5 in Shields
   584 | D:1      | Reached XP level 3. HP: 21/31 MP: 2/2
   976 | D:2      | Noticed Terence
   984 | D:2      | Killed Terence
  1117 | D:2      | Reached skill level 6 in Shields
  1117 | D:2      | Reached XP level 4. HP: 36/39 MP: 3/3
  1255 | D:2      | HP: 1/39 [gnoll (11)]
  1256 | D:2      | Succumbed to a gnoll's poison

Illustrated notes

Levels and vault maps discovered:
D:1:      heliophobic_arrival_dark_side_of_the_moon, layout_basic,
          hellmonk_ecumenical_altar_arch_garden
D:2:      layout_basic, serial_forest, infiniplex_forest_straight_2,
          infiniplex_forest_lined_3, infiniplex_forest_clump_small,
          infiniplex_forest_zigzag_2, infiniplex_forest_split,
          minmay_shallow_snake_nest, uniq_jessica, uniq_terence

Skill      XL: |  1  2  3 |
---------------+----------+-----
Shields        | 4 5 6 |  6.6
Fighting       | |  3.6
Long Blades    | |  2.4
Armour         | |  3.6

Action                   |  1- 3 |  4- 6 || total
-------------------------+-------+-------++-------
Melee: Long sword        |    59 |    15 ||    74
       Headbutt          |    12 |     5 ||    17
  Use: Potion            |       |     1 ||     1
Armor: Scale mail        |    32 |     4 ||    36
Dodge: Dodged            |    45 |     9 ||    54
Block: Buckler           |    17 |     4 ||    21
       Rpst.: Long sword |    11 |     1 ||    12
